 Dungeon Crawl Stone Soup version 0.29-a0-529-gfa20dd96a1 (webtiles) character file.

Game seed: 9678727206161506947

301 jifgo the Conjurer (level 6, -1/36 HPs)
             Began as a Deep Elf Conjurer on June 2, 2022.
             Was an Initiate of Ashenzari.
             Shot with a bolt by an orc (3 damage)
             ... on level 3 of the Dungeon.
             The game lasted 00:07:13 (3709 turns).

jifgo the Conjurer (Deep Elf Conjurer)              Turns: 3709, Time: 00:07:14

Health: -1/36      AC:  3    Str:  4    XL:     6   Next: 14%
Magic:  9/15       EV: 13    Int: 25    God:    Ashenzari [......]
Gold:   108        SH:  0    Dex: 13    Spells: 5/15 levels left

rFire   . . .      SeeInvis .   t - +3 dagger
rCold   . . .      Faith    .   (no shield)
rNeg    . . .      Spirit   .   a - +0 robe
rPois   .          Reflect  .   (no helmet)
rElec   .          Harm     .   (no cloak)
rCorr   .          Rampage  .   (no gloves)
Will    .....                   l - +0 pair of boots
Stlth   ++........              (no amulet)
HPRegen 0.12/turn               (no ring)
MPRegen 0.14/turn               (no ring)

@: no status effects
A: no striking features
a: Renounce Religion


You were on level 3 of the Dungeon.
You worshipped Ashenzari.
Ashenzari was noncommittal.
You visited 1 branch of the dungeon, and saw 3 of its levels.

You collected 108 gold pieces.

Inventory:

Hand Weapons
 t - a +3 dagger (weapon)
Missiles
 o - 9 poisoned darts (quivered)
Armour
 a - a +0 robe (worn)
 l - a +0 pair of boots (worn)
Scrolls
 d - a scroll of identify {unknown}
 h - 2 scrolls of enchant armour {unknown}
 j - 2 scrolls of teleportation {unknown}
 p - a scroll of torment {unknown}
 q - a scroll of magic mapping {unknown}
 r - a scroll of immolation {unknown}
 s - a scroll of fog {unknown}
Potions
 b - a potion of magic
 e - 3 potions of curing {unknown}
 f - a potion of heal wounds
 g - a potion of haste {unknown}
 k - a potion of cancellation {unknown}
 m - 2 potions of mutation {unknown}
 n - 2 potions of degeneration {unknown}
 u - a potion of might {unknown}


   Skills:
 + Level 2.3 Fighting
 + Level 4.3 Dodging
 - Level 2.4 Stealth
 + Level 5.0 Spellcasting
 + Level 5.5 Conjurations


You had 5 spell levels left.
You knew the following spells:

 Your Spells              Type           Power      Damage    Failure   Level
a - Searing Ray           Conj           68%        2d6       1%          2
b - Dazzling Flash        Conj/Hex       40%        N/A       8%          3
c - Iskenderun's Mystic   Conj/Tloc      20%        2d6       26%         4
x - Magic Dart            Conj           100%       1d8       1%          1

Your spell library contained the following spells:

 Spells                   Type           Power      Damage    Failure   Level
 Portal Projectile        Hex/Tloc       12%        N/A       24%         3
 Tukima's Dance           Hex            6%         N/A       24%         3
 Fulminant Prism          Conj/Hex       10%        3d9       26%         4
 Blade Hands              Tmut           3%         N/A       92%         5


Dungeon Overview and Level Annotations

Branches:
Dungeon (3/15)

Altars:
Ashenzari
Dithmenos

Annotations:
D:2 1 runed translucent door, Crazy Yiuf


Message History

You kill the adder!
You start resting.
Magic restored.
An orc comes into view.
It is wielding a +3 arbalest of flaming.
The orc shouts!
An orc is nearby!
Casting: Magic Dart (safe; 1% risk of failure)
Confirm with . or Enter, or press ? or * to list all spells.
You can't see any susceptible monsters within range! (Use Z to cast anyway.)
Things that are here:
26 stones; an adder corpse The orc shoots a bolt.
The bolt hits you. The bolt burns you.
You see here a +0 dagger.
Casting: Magic Dart (safe; 1% risk of failure)
Confirm with . or Enter, or press ? or * to list all spells.
Aiming: Searing Ray (safe; 1% risk of failure)
Press: ? - help, Shift-Dir - straight line, f - orc
Aim: an orc, wielding a +3 arbalest of flaming and wearing a +0 chain mail (86% to hit)
The searing ray hits the orc but does no damage. (Press . to maintain the ray.)
The orc shoots a bolt.
The bolt barely misses you.
The searing ray hits the orc.
The orc is lightly wounded.
The searing ray misses the orc.
The orc shoots a bolt.
The bolt hits you!
* * * LOW HITPOINT WARNING * * *
The bolt burns you.
* * * LOW HITPOINT WARNING * * *
Unknown command.
Casting: Searing Ray (safe; 1% risk of failure)
Confirm with . or Enter, or press ? or * to list all spells.
Restarting spell: Searing Ray (safe; 1% risk of failure)
Press: ? - help, Shift-Dir - straight line, f/p - orc
Aim: an orc, wielding a +3 arbalest of flaming and wearing a +0 chain mail (lightly wounded, 86% to hit)
The searing ray hits the orc but does no damage.
The orc is lightly wounded. (Press . to maintain the ray.)
The orc shoots a bolt.
The bolt hits you!
* * * LOW HITPOINT WARNING * * *
The bolt burns you.
You die...

#..##.##...##
#.##...##....#
#.#.###.#....#
###.#.....#.....
....#.###.#.....
#..##..o##.....
#..##)##......
#...@........
#####(.......
#..........
#..........
#...#######
#...# #...#
#(..# #...#


You could see an orc.

Vanquished Creatures
  An orc priest (D:2)
  Natasha (thrice) (D:2 D:1)
  2 orc wizards (D:2)
  9 adders
  2 worms (D:2)
  4 dart slugs
  4 orcs
  7 endoplasms
  3 giant cockroaches
  8 goblins
  2 hobgoblins
  A jackal (D:2)
  5 kobolds
  A quokka (D:1)
  3 ball pythons
  2 bats (D:2)
  A frilled lizard (D:1)
  4 rats
62 creatures vanquished.

Notes
Turn   | Place    | Note
-------+----------+-------------------------------------------
     0 | D:1      | jifgo the Deep Elf Conjurer began the quest for the Orb.
     0 | D:1      | Reached XP level 1. HP: 10/10 MP: 6/6
   290 | D:1      | Reached XP level 2. HP: 16/16 MP: 6/8
   293 | D:1      | Learned a level 2 spell: Searing Ray
  1371 | D:2      | Found a shadowy altar of Dithmenos.
  1380 | D:2      | Reached XP level 3. HP: 20/20 MP: 7/10
  1651 | D:2      | Noticed Natasha
  1656 | D:2      | Reached skill level 1 in Fighting
  1660 | D:2      | Killed Natasha
  1782 | D:2      | Reached XP level 4. HP: 25/25 MP: 6/11
  1790 | D:2      | Learned a level 3 spell: Dazzling Flash
  1795 | D:2      | Learned a level 4 spell: Iskenderun's Mystic Blast
  1871 | D:2      | Noticed Natasha
  1876 | D:2      | Killed Natasha
  1877 | D:2      | Reached skill level 5 in Conjurations
  1888 | D:2      | Noticed Natasha
  1899 | D:1      | Killed Natasha
  2435 | D:2      | Reached XP level 5. HP: 30/30 MP: 10/13
  2639 | D:2      | Found a faded altar of an unknown god.
  3203 | D:2      | Found a runed translucent door.
  3204 | D:2      | Noticed Crazy Yiuf
  3466 | D:3      | Found a broken altar of Ashenzari.
  3489 | D:3      | Became a worshipper of Ashenzari the Shackled
  3499 | D:3      | Reached XP level 6. HP: 35/35 MP: 12/15
  3592 | D:3      | Reached skill level 5 in Spellcasting
  3709 | D:3      | Shot with a bolt by an orc

Illustrated notes

Levels and vault maps discovered:
D:1:      minmay_arrival_stone_box, layout_basic, minmay_misc_feat_square
D:2:      cheibrodos_pilgrimage, layout_basic, basic_ecumenical_altar,
          basic_altar, minmay_circle_x, uniq_natasha, uniq_crazy_yiuf_cottage
D:3:      layout_basic, lemuel_round_altar,
          nicolae_concentric_dashed_squares_wild, minmay_checkerbox

Skill      XL: |  1  2  3  4  5  6 |
---------------+-------------------+-----
Dodging        | 3 4 |  4.3
Fighting       | 1 2 |  2.3
Spellcasting   | 4 5 |  5.0
Conjurations   | 5 |  5.5
Stealth        | |  2.4

Action                   |  1- 3 |  4- 6 || total
-------------------------+-------+-------++-------
Melee: Unarmed           |     1 |       ||     1
       Whip              |       |     2 ||     2
Throw: Dart              |       |     4 ||     4
 Cast: Magic Dart        |    37 |    68 ||   105
       Searing Ray       |     7 |     8 ||    15
Armor: Robe              |     1 |       ||     1
Dodge: Dodged            |     8 |     8 ||    16

Table legend: (Time is in decaauts)
 A = Elapsed time spent in this place.
 B = Non-inter-level travel time spent in this place.
 C = Inter-level travel time spent in this place.
 D = Time resting spent in this place.
 E = Time spent auto-exploring this place.
 F = Levels seen in this place.
 G = Mean time per level.
                   A        B        C        D        E       F      G
               +--------+--------+--------+--------+--------+-----+--------+
         Total |   3713 |   3542 |    171 |   1697 |   1415 |   3 | 1237.7 |
       Dungeon |   3713 |   3542 |    171 |   1697 |   1415 |   3 | 1237.7 |
               +--------+--------+--------+--------+--------+-----+--------+

Top non-repeatable levels by time:
     D:1: 1834 daAuts
     D:2: 1483 daAuts
     D:3: 395 daAuts
